Map: Simulacrum LE

Players

prospeKt - Winner!

  • Race: Zerg Zerg
  • League: Platinum
  • Spawn Location: 11:00

VOD

Have the link to the VOD?

Description

Time

  • Played on: May 28, 2020, 10:27 a.m.
  • Length: 16:32
Show
View Real Time Build Order
Export as new Build Order

prospeKt Zerg - Winner!

Build Orders:  

Get SALT Encoding   

  12  0:01  Drone  
  13  0:18  Overlord  
  13  0:27  Drone  
  14  0:44  Drone x2  
  16  0:54  Drone  
  17  1:19  Hatchery  
  16  1:21  Drone  
  16  1:25  Drone  
  18  1:35  Drone  
  19  1:53  Spawning Pool  
  19  1:58  Drone  
  19  2:02  Extractor  
  19  2:06  Drone  
  19  2:19  Drone  
  20  2:34  Drone  
  21  2:49  Drone  
  22  3:01  Overlord  
  22  3:02  Queen  
  22  3:03  Queen  
  26  3:13  Drone  
  26  3:17  Drone  
  28  3:29  Drone  
  29  3:42  Drone x2  
  29  3:45  Overlord  
  25  4:00  Drone  
  31  4:05  Queen  
  34  4:15  Drone x2  
  36  4:20  Overlord  
  36  4:21  Drone  
  36  4:22  Hatchery  
  36  4:31  Drone  
  29  4:40  Drone x4  
  37  4:46  Overlord, Drone x2  
  43  4:52  Drone, Extractor  
  43  4:53  Drone  
  43  4:59  Extractor  
  43  5:11  Drone x2  
  45  5:29  Drone  
  46  5:30  Overlord  
  46  5:38  Drone x2  
  48  5:50  Drone  
  48  5:52  Drone  
  48  5:53  Drone x2  
  48  5:55  Overlord  
  52  6:03  Drone  
  52  6:06  Drone x3  
  56  6:15  Roach Warren  
  56  6:19  Evolution Chamber, Drone  
  39  6:20  Drone x2  
  57  6:30  Drone x2  
  57  6:34  Drone  
  60  6:45  Drone x3  
  60  6:46  Overlord  
  60  6:47  Drone  
  64  6:51  Drone  
  64  6:54  Extractor x2  
  64  6:55  Zerg Missile Weapons Level 1  
  64  6:57  Drone  
  64  7:14  Roach x2  
  64  7:15  Roach x4  
  64  7:16  Roach  
  64  7:17  Roach  
  64  7:18  Roach x2  
  84  7:20  Overlord  
  84  7:21  Drone x2  
  84  7:28  Drone x2  
  88  7:41  Drone x2  
  90  7:51  Hatchery  
  90  7:56  Drone  
  90  7:57  Drone x3  
  90  7:59  Overlord x2  
  93  8:01  Drone  
  94  8:15  Lair  
  94  8:27  Evolution Chamber  
  94  8:29  Drone x8  
  101  8:31  Overlord  
  101  8:49  Drone  
  102  8:50  Drone x7  
  109  9:09  Drone x5  
  56  9:10  Drone x2  
  116  9:22  Hydralisk Den  
  116  9:26  Hatchery  
  116  9:29  Drone x5  
  119  9:34  Glial Reconstitution  
  119  9:36  Drone x4  
  121  10:03  Hydralisk  
  121  10:04  Hydralisk x2  
  121  10:07  Overlord x3  
  121  10:08  Overlord  
  127  10:10  Zerg Missile Weapons Level 2, Zerg Ground Armor Level 1  
  127  10:26  Hatchery  
  126  10:30  Hatchery  
  126  10:34  Hydralisk  
  126  10:35  Hydralisk x8  
  143  11:04  Extractor  
  142  11:10  Extractor  
  142  11:11  Hydralisk  
  142  11:12  Hydralisk x10  
  142  11:15  Overlord x2  
  163  11:30  Hatchery  
  163  11:33  Hydralisk x2  
  163  11:36  Overlord x5  
  166  11:55  Unknown  
  166  11:56  Hydralisk  
  166  11:57  Hydralisk x5  
  166  11:58  Extractor  
  177  12:00  Hydralisk x2  
  177  12:09  Hatchery  
  180  12:41  Hydralisk x3  
  180  12:42  Hydralisk x7  
  200  13:11  Hatchery  
  200  13:16  Zerg Ground Armor Level 2  
  199  13:20  Infestation Pit  
  198  13:37  Hatchery  
  185  14:22  Hydralisk x7  
  197  14:48  Hydralisk  
  197  15:35  Hydralisk  
Tags
 
Add a new tag
Caveats
  • Supply blocks, unpowered buildings, or Contaminate may cause inaccurate times.
  • Supply counts are checked every 10 seconds.